TOP OF THE 1ST |
Toledo Mud Hens batting - Pitching for Durham Bulls : RHP Chet Tague
|
Pitching: RHP Chet Tague
|
|
Batting: RHB Brandon O'Malley
|
0-0: Reaches on Catchers interference
|
Batting: RHB Dan Becvar
|
0-0: Called Strike 0-1: Called Strike 0-2: Ball 1-2: SINGLE (Groundball, 25, EV 65.0 MPH) (infield hit) Brandon O'Malley to second
|
Batting: LHB Bill Ford
|
0-0: Ball 1-0: Ball 2-0: Called Strike 2-1: Swinging Strike 2-2: Ball 3-2: Fielders Choice at 2nd, 3-6 (Groundball, 3, EV 84.4 MPH) Brandon O'Malley to third
|
Batting: LHB Jon Frederick
|
0-0: Ball 1-0: Ball Bill Ford steals 2nd base (no throw) 2-0: Foul Ball, location: 2F 2-1: SINGLE (Groundball, 56D, EV 96.9 MPH) Brandon O'Malley scores Bill Ford to third Runner from 3rd tries for Home, SAFE, throw by LF to home Jon Frederick to second
|
Batting: RHB Joel Miller
|
0-0: Ball 1-0: Ball 2-0: Called Strike 2-1: Foul Ball, location: 2F 2-2: Strikes out swinging
|
Batting: RHB Keith Hoffman
|
0-0: Called Strike 0-1: Ball 1-1: Called Strike 1-2: Strikes out looking
|
Top of the 1st over - 2 runs, 2 hits, 1 error, 1 left on base; Toledo 2 - Durham 0 |
BOTTOM OF THE 1ST |
Durham Bulls batting - Pitching for Toledo Mud Hens : RHP Ruben Arana
|
Pitching: RHP Ruben Arana
|
|
Batting: RHB Jonathan Fraire
|
0-0: Ball 1-0: Swinging Strike 1-1: Ground out 5-3 (Groundball, 56, EV 83.1 MPH)
|
Batting: RHB Danny Diaz
|
0-0: Foul Ball, location: 2F 0-1: Swinging Strike 0-2: Ball 1-2: Strikes out looking
|
Batting: LHB Davion Lewis
|
0-0: Ground out 1-3 (Groundball, P, EV 74.4 MPH)
|
Bottom of the 1st over - 0 runs, 0 hits, 0 errors, 0 left on base; Toledo 2 - Durham 0 |
TOP OF THE 2ND |
Toledo Mud Hens batting - Pitching for Durham Bulls : RHP Chet Tague
|
Batting: RHB Aaron Cusick
|
0-0: Called Strike 0-1: Ball 1-1: Foul Ball, location: 2F 1-2: Ball 2-2: Foul Ball, location: 2F 2-2: Foul Ball, location: 2F 2-2: Fly out, F8 (Flyball, 8LD, EV 101.2 MPH)
|
Batting: SHB Scott Bartholomew
|
0-0: Ball 1-0: Ball 2-0: Ball 3-0: Called Strike 3-1: Swinging Strike 3-2: Strikes out looking
|
Batting: SHB Chris Wagler
|
0-0: Ball 1-0: Swinging Strike 1-1: Ball 2-1: Foul Ball, location: 2F 2-2: Ground out 4-3 (Groundball, 4, EV 86.2 MPH)
|
Top of the 2nd over - 0 runs, 0 hits, 0 errors, 0 left on base; Toledo 2 - Durham 0 |
BOTTOM OF THE 2ND |
Durham Bulls batting - Pitching for Toledo Mud Hens : RHP Ruben Arana
|
Batting: RHB David Ward
|
0-0: Foul Ball, location: 2F 0-1: Ball 1-1: Ground out 6-3 (Groundball, 6S, EV 64.4 MPH)
|
Batting: LHB Jake Rheaume
|
0-0: Swinging Strike 0-1: SINGLE (Groundball, 34D, EV 103.1 MPH)
|
Batting: RHB Sesto Carpini
|
0-0: Ball 1-0: Ball 2-0: Swinging Strike 2-1: Foul Ball, location: 2F 2-2: Ball 3-2: Base on Balls Jake Rheaume to second
|
Batting: RHB Jose Arriola
|
0-0: 3-RUN HOME RUN (Flyball, 78XD, EV 100.6 MPH), Distance : 380 ft
|
Batting: RHB Freddy Mullen
|
0-0: Ball 1-0: Ground out 5-3 (Groundball, 56S, EV 90.6 MPH)
|
Batting: RHB John Downing
|
0-0: Called Strike 0-1: Foul Ball, location: 2F 0-2: Ball 1-2: Foul Ball, location: 2F 1-2: SINGLE (Groundball, 6D, EV 101.2 MPH)
|
Batting: RHB Jonathan Fraire
|
0-0: Ball 1-0: Called Strike 1-1: Called Strike 1-2: Strikes out swinging
|
Bottom of the 2nd over - 3 runs, 3 hits, 0 errors, 1 left on base; Toledo 2 - Durham 3 |
TOP OF THE 3RD |
Toledo Mud Hens batting - Pitching for Durham Bulls : RHP Chet Tague
|
Batting: RHB Brandon O'Malley
|
0-0: Ball 1-0: Foul Ball, location: 2F 1-1: Ball 2-1: Ball 3-1: Ground out U3 (Groundball, 34, EV 98.8 MPH)
|
Batting: RHB Dan Becvar
|
0-0: Called Strike 0-1: Foul Ball, location: 2F 0-2: Ball 1-2: Strikes out swinging
|
Batting: LHB Bill Ford
|
0-0: Ball 1-0: Called Strike 1-1: Foul Ball, location: 2F 1-2: Ball 2-2: Ball 3-2: Ground out 4-3 (Groundball, 34D, EV 102.5 MPH)
|
Top of the 3rd over - 0 runs, 0 hits, 0 errors, 0 left on base; Toledo 2 - Durham 3 |
BOTTOM OF THE 3RD |
Durham Bulls batting - Pitching for Toledo Mud Hens : RHP Ruben Arana
|
Batting: RHB Danny Diaz
|
0-0: Called Strike 0-1: Fly out, F4 (Popup, 4M, EV 59.4 MPH)
|
Batting: LHB Davion Lewis
|
0-0: Foul Ball, location: 2F 0-1: Swinging Strike 0-2: SOLO HOME RUN (Flyball, 9D, EV 98.1 MPH), Distance : 355 ft
|
Batting: RHB David Ward
|
0-0: Foul Ball, location: 2F 0-1: Called Strike 0-2: Strikes out swinging
|
Batting: LHB Jake Rheaume
|
0-0: Ball 1-0: Called Strike 1-1: Swinging Strike 1-2: Ball 2-2: Strikes out swinging, 2-3 out at first.
|
Bottom of the 3rd over - 1 run, 1 hit, 0 errors, 0 left on base; Toledo 2 - Durham 4 |
TOP OF THE 4TH |
Toledo Mud Hens batting - Pitching for Durham Bulls : RHP Chet Tague
|
Batting: LHB Jon Frederick
|
0-0: Ball 1-0: Foul Ball, location: 2F 1-1: DOUBLE (Flyball, 8RXD, EV 105.0 MPH)
|
Batting: RHB Joel Miller
|
0-0: Ball 1-0: Ball 2-0: Ball 3-0: Foul Ball, location: 2F 3-1: Base on Balls
|
Batting: RHB Keith Hoffman
|
0-0: Ball 1-0: Called Strike 1-1: Foul Ball, location: 2F 1-2: Strikes out swinging
|
Batting: RHB Aaron Cusick
|
0-0: Foul Ball, location: 2F 0-1: Ball 1-1: Ball 2-1: Called Strike 2-2: Fielders Choice at 2nd, 5-4 (Groundball, 15, EV 86.9 MPH) Jon Frederick to third
|
Batting: SHB Scott Bartholomew
|
0-0: Ball 1-0: Ball Wild Pitch! Jon Frederick scores Aaron Cusick to second 2-0: Ball 3-0: Called Strike 3-1: Base on Balls
|
Batting: SHB Chris Wagler
|
0-0: Foul Ball, location: 2F 0-1: Foul Ball, location: 2F 0-2: Ball 1-2: Ball 2-2: Fielders Choice at 2nd, 4-6 (Groundball, 4MD, EV 83.8 MPH)
|
Top of the 4th over - 1 run, 1 hit, 0 errors, 2 left on base; Toledo 3 - Durham 4 |
BOTTOM OF THE 4TH |
Durham Bulls batting - Pitching for Toledo Mud Hens : RHP Ruben Arana
|
Batting: RHB Sesto Carpini
|
0-0: Called Strike 0-1: Fly out, F8 (Flyball, 8RD, EV 95.0 MPH)
|
Batting: RHB Jose Arriola
|
0-0: Ground out U3 (Groundball, 23, EV 80.6 MPH)
|
Batting: RHB Freddy Mullen
|
0-0: Swinging Strike 0-1: Ball 1-1: Foul Ball, location: 2F 1-2: Strikes out swinging
|
Bottom of the 4th over - 0 runs, 0 hits, 0 errors, 0 left on base; Toledo 3 - Durham 4 |
TOP OF THE 5TH |
Toledo Mud Hens batting - Pitching for Durham Bulls : RHP Chet Tague
|
Batting: RHB Brandon O'Malley
|
0-0: Foul Ball, location: 2F 0-1: Ball 1-1: Ball 2-1: Ball 3-1: Base on Balls
|
Batting: RHB Dan Becvar
|
0-0: Ball 1-0: Ball 2-0: Swinging Strike 2-1: Grounds into double play, 6-4-3 (Groundball, 6S, EV 86.2 MPH)
|
Batting: LHB Bill Ford
|
0-0: Called Strike 0-1: Ball 1-1: Ground out 4-3 (Groundball, 4S, EV 83.1 MPH)
|
Top of the 5th over - 0 runs, 0 hits, 0 errors, 0 left on base; Toledo 3 - Durham 4 |
BOTTOM OF THE 5TH |
Durham Bulls batting - Pitching for Toledo Mud Hens : RHP Ruben Arana
|
Batting: RHB John Downing
|
0-0: Ball 1-0: Fly out, F9 (Flyball, 9LD, EV 81.2 MPH)
|
Batting: RHB Jonathan Fraire
|
0-0: Called Strike 0-1: Swinging Strike 0-2: Ground out 5-3 (Groundball, 56, EV 103.1 MPH)
|
Batting: RHB Danny Diaz
|
0-0: Foul Ball, location: 2F 0-1: Ball 1-1: Called Strike 1-2: Strikes out looking
|
Bottom of the 5th over - 0 runs, 0 hits, 0 errors, 0 left on base; Toledo 3 - Durham 4 |
TOP OF THE 6TH |
Toledo Mud Hens batting - Pitching for Durham Bulls : RHP Chet Tague
|
Batting: LHB Jon Frederick
|
0-0: Ball 1-0: Foul Ball, location: 2F 1-1: Ball 2-1: Ball 3-1: Fly out, F7 (Flyball, 7LS, EV 91.9 MPH)
|
Batting: RHB Joel Miller
|
0-0: Called Strike 0-1: Ball 1-1: Called Strike 1-2: Strikes out looking
|
Batting: RHB Keith Hoffman
|
0-0: Foul Ball, location: 2F 0-1: Ball 1-1: Foul Ball, location: 2F 1-2: Foul Ball, location: 2F 1-2: Strikes out swinging
|
Top of the 6th over - 0 runs, 0 hits, 0 errors, 0 left on base; Toledo 3 - Durham 4 |
BOTTOM OF THE 6TH |
Durham Bulls batting - Pitching for Toledo Mud Hens : RHP Ruben Arana
|
Batting: LHB Davion Lewis
|
0-0: Called Strike 0-1: Ball 1-1: Ball 2-1: Foul Ball, location: 2F 2-2: Ball 3-2: Base on Balls
|
Batting: RHB David Ward
|
0-0: Called Strike 0-1: Swinging Strike 0-2: Ball Davion Lewis is caught stealing 2nd base 2-4 1-2: Fly out, F8 (Flyball, 8RS, EV 85.6 MPH)
|
Batting: LHB Jake Rheaume
|
0-0: SINGLE (Groundball, 6D, EV 101.9 MPH)
|
Batting: RHB Sesto Carpini
|
0-0: Foul Ball, location: 2F 0-1: Ball 1-1: Foul Ball, location: 2F 1-2: DOUBLE (Line Drive, 89M, EV 88.1 MPH) Jake Rheaume to third Runner from 3rd tries for Home, SAFE, throw by RF to home
|
Pitching: RHP Jason Mucci
|
|
Batting: RHB Jose Arriola
|
0-0: Ball 1-0: Ball 2-0: Ground out 5-3 (Groundball, 5S, EV 66.2 MPH)
|
Bottom of the 6th over - 1 run, 2 hits, 0 errors, 1 left on base; Toledo 3 - Durham 5 |
TOP OF THE 7TH |
Toledo Mud Hens batting - Pitching for Durham Bulls : RHP Chet Tague
|
Pitching: RHP Greg Spaulding
|
|
Batting: RHB Aaron Cusick
|
0-0: Reached on error, E5 (Groundball, 56, EV 87.5 MPH)
|
Batting: SHB Scott Bartholomew
|
0-0: Bunted foul 0-1: Bunted foul 0-2: Ball 1-2: Ball 2-2: Ball 3-2: SINGLE (Line Drive, 8RS, EV 106.2 MPH) Aaron Cusick to second
|
Batting: SHB Chris Wagler
|
0-0: Ball 1-0: Called Strike 1-1: Ball 2-1: Fielders Choice at 2nd, 4-6 (Groundball, 34D, EV 104.4 MPH) Aaron Cusick to third
|
Batting: RHB Brandon O'Malley
|
0-0: Ball 1-0: Grounds out, U3 (Groundball, 3L, EV 86.2 MPH) Aaron Cusick scores
|
Batting: RHB Dan Becvar
|
0-0: Called Strike 0-1: Called Strike 0-2: Fly out, F4 (Line Drive, 4, EV 73.8 MPH)
|
Top of the 7th over - 1 run, 1 hit, 1 error, 1 left on base; Toledo 4 - Durham 5 |
BOTTOM OF THE 7TH |
Durham Bulls batting - Pitching for Toledo Mud Hens : RHP Jason Mucci
|
Batting: RHB Freddy Mullen
|
0-0: Called Strike 0-1: Ball 1-1: Ball 2-1: Ball 3-1: Fly out, F6 (Popup, 6, EV 58.8 MPH)
|
Batting: RHB John Downing
|
0-0: Called Strike 0-1: Swinging Strike 0-2: Ground out 6-3 (Groundball, 6MS, EV 85.0 MPH)
|
Batting: RHB Jonathan Fraire
|
0-0: Called Strike 0-1: Foul Ball, location: 2F 0-2: Fly out, F8 (Flyball, 78S, EV 90.0 MPH)
|
Bottom of the 7th over - 0 runs, 0 hits, 0 errors, 0 left on base; Toledo 4 - Durham 5 |
TOP OF THE 8TH |
Toledo Mud Hens batting - Pitching for Durham Bulls : RHP Greg Spaulding
|
Batting: LHB Bill Ford
|
0-0: Foul Ball, location: 2F 0-1: Ball 1-1: Called Strike 1-2: Foul Ball, location: 2F 1-2: Ball 2-2: Ball 3-2: Base on Balls
|
Pitching: LHP Parker Martinet
|
|
Batting: LHB Jon Frederick
|
0-0: Ball 1-0: Called Strike 1-1: Foul Ball, location: 2F 1-2: Strikes out swinging
|
Batting: RHB Joel Miller
|
0-0: Swinging Strike 0-1: Swinging Strike 0-2: Foul Ball, location: 2F 0-2: Ball Wild Pitch! Bill Ford to second 1-2: Ball 2-2: Strikes out swinging
|
Batting: RHB Keith Hoffman
|
0-0: Called Strike 0-1: Ball 1-1: Called Strike 1-2: Ball Wild Pitch! Bill Ford to third 2-2: Foul Ball, location: 2F 2-2: Strikes out looking
|
Top of the 8th over - 0 runs, 0 hits, 0 errors, 1 left on base; Toledo 4 - Durham 5 |
BOTTOM OF THE 8TH |
Durham Bulls batting - Pitching for Toledo Mud Hens : RHP Jason Mucci
|
Pitching: RHP Chris Kimura
|
|
Batting: RHB Danny Diaz
|
0-0: Ball 1-0: Ball 2-0: Ball 3-0: Base on Balls
|
Batting: LHB Davion Lewis
|
0-0: Ball Danny Diaz steals 2nd base 1-0: Ball 2-0: Ball 3-0: Base on Balls
|
Batting: RHB David Ward
|
0-0: Ball 1-0: Fly out, F7 (Line Drive, 7S, EV 92.5 MPH)
|
Batting: LHB Jake Rheaume
|
0-0: Called Strike 0-1: Called Strike 0-2: Foul Ball, location: 2F 0-2: Foul Ball, location: 2F 0-2: Strikes out swinging
|
Batting: RHB Sesto Carpini
|
0-0: Ball 1-0: Ball 2-0: Ball 3-0: Base on Balls Danny Diaz to third Davion Lewis to second
|
Batting: RHB Jose Arriola
|
0-0: Ball 1-0: Foul Ball, location: 2F 1-1: Ball 2-1: Ball 3-1: Swinging Strike 3-2: Base on Balls Danny Diaz scores Davion Lewis to third Sesto Carpini to second
|
Batting: RHB Freddy Mullen
|
0-0: Ball 1-0: Fly out, F8 (Flyball, 8LD, EV 83.8 MPH)
|
Bottom of the 8th over - 1 run, 0 hits, 0 errors, 3 left on base; Toledo 4 - Durham 6 |
TOP OF THE 9TH |
Toledo Mud Hens batting - Pitching for Durham Bulls : LHP Parker Martinet
|
Pitching: RHP Cody Wilharm
|
|
Batting: RHB Aaron Cusick
|
0-0: Swinging Strike 0-1: Swinging Strike 0-2: Foul Ball, location: 2F 0-2: Foul Ball, location: 2F 0-2: Strikes out looking
|
Batting: SHB Scott Bartholomew
|
0-0: Called Strike 0-1: Ball 1-1: Ball 2-1: Called Strike 2-2: Foul Ball, location: 2F 2-2: Strikes out looking
|
Batting: SHB Chris Wagler
|
0-0: Ball 1-0: Ball 2-0: Ball 3-0: Called Strike 3-1: Base on Balls
|
Batting: RHB Brandon O'Malley
|
0-0: SINGLE (Line Drive, 8LS, EV 93.1 MPH) Chris Wagler to second
|
Batting: RHB Dan Becvar
|
0-0: Ball 1-0: SINGLE (Flyball, 8LS, EV 88.8 MPH) Chris Wagler to third Brandon O'Malley to second
|
Batting: LHB Bill Ford
|
0-0: Swinging Strike 0-1: Ball 1-1: Foul Ball, location: 2F 1-2: Foul Ball, location: 2F 1-2: Fly out, F7 (Flyball, 78M, EV 90.0 MPH)
|
Top of the 9th over - 0 runs, 2 hits, 0 errors, 3 left on base; Toledo 4 - Durham 6 |
|